 Dungeon Crawl Stone Soup version 0.30-a0-1112-gfb780f5df6 (webtiles) character file.

Game seed: 16563894329150259473

275396 holysushi the Acrobat (level 20, -5/218 HPs)
             Began as a Demonspawn Monk on Apr 20, 2023.
             Was the Champion of Jiyva.
             Killed from afar by a frost giant (47 damage)
             ... with a bolt of cold
             ... on level 5 of the Vaults.
             The game lasted 00:45:53 (28548 turns).

holysushi the Acrobat (Demonspawn Monk)            Turns: 28548, Time: 00:45:54

Health: -5/218     AC: 10    Str: 13    XL:     20   Next: 23%
Magic:  0/34       EV: 37    Int: 18    God:    Jiyva [******]
Gold:   383        SH:  0    Dex: 21    Spells: 20/25 levels left

rFire   . . .      SeeInvis .    z - +6 quick blade (protect)
rCold   . . .      Faith    .    (no shield)
rNeg    + . .      Spirit   +    S - +0 leather armour "Sulaang" {Rampage *Corrode rN+ Slay+3}
rPois   +          Reflect  .    (helmet unavailable)
rElec   .          Rampage  +    K - +1 cloak {Stlth+}
rCorr   +                        (no gloves)
Will    +++..                    (boots unavailable)
Stlth   +++++                    y - amulet of guardian spirit
HPRegen 2.16/turn                U - ring "Osoxt" {rPois EV+5 Str+2}
MPRegen 0.74/turn                w - ring of magical power

@: wereblooded (expiring), under a protective aura, calling ooze, studying
Translocations
A: hooves 3, horns 3, demonic guardian 3, spiny 2, corrupting presence 1,
demonic touch 2, clever 1, strong-willed 2, robust 3, acidic bite, eyeballs 2,
pseudopods 2, translucent skin 2, jelly absorbing missiles, sturdy frame 1
a: Renounce Religion, Oozemancy, Slimify


You were on level 5 of the Vaults.
You worshipped Jiyva.
Jiyva was exalted by your worship.
You visited 6 branches of the dungeon, and saw 31 of its levels.

You collected 1991 gold pieces.
You spent 1608 gold pieces at shops.

Inventory:

Hand Weapons
 a - a +0 short sword
 i - a +0 longbow
 k - a +1 dagger of flaming
 s - a +4 short sword of draining
 z - a +6 quick blade of protection (weapon)
 T - a +4 quick blade of distortion
Missiles
 X - 8 large rocks
Armour
 b - a +0 robe
 d - an orb of light
 h - a +0 troll leather armour
 q - the +3 ring mail "Gotoal" {Rampage Int+5}
   (You found it on level 6 of the Dungeon)

   Int:       It affects your intelligence (+5).
   Rampage:   It bestows one free step when moving towards enemies.
 r - a +0 pair of gloves
 u - a +3 leather armour of willpower
 K - a +1 cloak of stealth (worn)
 S - the +0 leather armour "Sulaang" (worn) {Rampage *Corrode rN+ Slay+3}
   (You found it on level 10 of the Dungeon)

   Slay:      It affects your accuracy & damage with ranged weapons and melee
   (+3).
   rN:        It protects you from negative energy.
   *Corrode:  It may corrode you when you take damage.
   Rampage:   It bestows one free step when moving towards enemies.
Jewellery
 e - the ring of Biusus Zefo {Fire Str+3}
   (You took it off a yaktaur captain on level 4 of the Vaults)

   [ring of fire]

   It enhances your fire magic.
   Str:       It affects your strength (+3).
   rF:        It protects you from fire.
   rC:        It makes you vulnerable to cold.
 w - a ring of magical power (right hand)
 y - an amulet of guardian spirit (around neck)
 I - a ring of wizardry
 J - a +6 ring of strength
 P - a ring of ice
 U - the ring "Osoxt" (left hand) {rPois EV+5 Str+2}
   (You bought it in a shop on level 2 of the Orcish Mines)

   [ring of evasion]

   EV:        It affects your evasion (+5).
   Str:       It affects your strength (+2).
   rPois:     It protects you from poison.
 V - a +6 ring of strength
Wands
 n - a wand of flame (51)
 v - a wand of roots (7)
 x - a wand of mindburst (3)
 F - a wand of quicksilver (10)
 L - a wand of digging (13)
 Q - a wand of polymorph (10)
 Y - a wand of paralysis (6)
Scrolls
 f - 10 scrolls of identify
 g - 5 scrolls of vulnerability
 j - 8 scrolls of teleportation
 t - 4 scrolls of amnesia
 G - 3 scrolls of fog
 O - 4 scrolls of magic mapping
 W - 2 scrolls of fear
 Z - a scroll of poison
Potions
 c - a potion of ambrosia
 l - 9 potions of curing
 m - 5 potions of lignification
 o - 6 potions of flight
 A - a potion of might
 B - 4 potions of brilliance
 C - 4 potions of attraction
 D - a potion of cancellation
 E - 3 potions of mutation
 H - 3 potions of berserk rage
 N - a potion of invisibility
 R - a potion of magic {unknown}
Miscellaneous
 M - a phantom mirror


   Skills:
 + Level 17.5 Fighting
 - Level 12.3 Short Blades
 - Level 25.0 Dodging
 - Level 5.0 Stealth
 - Level 3.4 Spellcasting
 - Level 4.0 Hexes
 + Level 10.9 Transmutations
 - Level 3.0 Evocations


You had 20 spell levels left.
You knew the following spells:

 Your Spells              Type           Power      Damage    Failure   Level
a - Confusing Touch       Hex            17%        N/A       10%         3
b - Wereblood             Tmut           42%        N/A       1%          2

Your spell library contained the following spells:

 Spells                   Type           Power      Damage    Failure   Level
 Passwall                 Tmut/Erth      18%        N/A       2%          2
 Blade Hands              Tmut           21%        N/A       4%          5
 Tukima's Dance           Hex            17%        N/A       10%         3
 Ensorcelled Hibernation  Hex/Ice        20%        N/A       11%         2
 Ignite Poison            Fire/Tmut/Pois 16%        N/A       11%         3
 Freeze                   Ice            12%        1d3       16%         1
 Kiss of Death            Conj/Necr      12%        2d6       16%         1
 Necrotise                Necr           12%        1d4       16%         1
 Sandblast                Erth           6%         2d5       16%         1
 Shock                    Conj/Air       12%        1d3       16%         1
 Ice Form                 Ice/Tmut       22%        N/A       17%         4
 Yara's Violent Unravell  Hex/Tmut       15%        3d8       21%         5
 Inner Flame              Hex/Fire       10%        N/A       22%         3
 Portal Projectile        Hex/Tloc       20%        N/A       22%         3
 Summon Guardian Golem    Hex/Summ       10%        N/A       22%         3
 Lesser Beckoning         Tloc           6%         N/A       24%         2
 Scorch                   Fire           6%         2d5       24%         2
 Sublimation of Blood     Necr           3%         N/A       24%         2
 Call Canine Familiar     Summ           3%         N/A       43%         3
 Frozen Ramparts          Ice            6%         1d1       43%         3
 Gell's Gravitas          Tloc           3%         N/A       43%         3
 Hailstorm                Conj/Ice       3%         3d3       43%         3
 Ozocubu's Armour         Ice            3%         N/A       43%         3
 Stone Arrow              Conj/Erth      6%         3d7       43%         3
 Swiftness                Air            3%         N/A       43%         3
 Teleport Other           Tloc           3%         N/A       43%         3
 Vampiric Draining        Necr           3%         2d6       43%         3
 Vhi's Electric Charge    Tloc/Air       6%         N/A       43%         3
 Irradiate                Conj/Tmut      11%        3d15      43%         5
 Anguish                  Hex/Necr       5%         N/A       56%         4
 Leda's Liquefaction      Hex/Erth       5%         N/A       56%         4
 Dragon Form              Tmut           21%        N/A       83%         7
 Animate Dead             Necr           3%         N/A       85%         4
 Dispel Undead            Necr           3%         3d7       85%         4
 Flame Wave               Conj/Fire      3%         2d5       85%         4
 Iskenderun's Mystic Bla  Conj/Tloc      3%         2d3       85%         4
 Sticky Flame             Conj/Fire      3%         2d3       85%         4
 Metabolic Englaciation   Hex/Ice        5%         N/A       89%         5
 Statue Form              Tmut/Erth      14%        N/A       95%         6
 Agony                    Necr           3%         N/A       99%         5
 Arcjolt                  Conj/Air       1%         1d11      99%         5
 Borgnjor's Vile Clutch   Necr/Erth      1%         N/A       99%         5
 Lee's Rapid Deconstruct  Erth           1%         3d4*      99%         5
 Death Channel            Necr           1%         N/A       100%        6
 Plasma Beam              Fire/Air       1%         2x1d12    100%        6
 Simulacrum               Ice/Necr       1%         N/A       100%        6
 Summon Cactus Giant      Summ           1%         N/A       100%        6
 Enfeeble                 Hex            8%         N/A       100%        7
 Malign Gateway           Summ/Tloc      1%         N/A       100%        7
 Ozocubu's Refrigeration  Ice            1%         4d7       100%        7
 Summon Hydra             Summ           1%         N/A       100%        7
 Ignition                 Fire           1%         3d3       100%        8


Dungeon Overview and Level Annotations

Branches:
Dungeon (15/15) Zot: 26715  Temple (1/1) D:4 Zot: 5784    Lair (5/5) D:8 Zot: 25455
 Shoals (0/4) Lair:2        Snake (0/4) Lair:3        Slime (0/5) Lair:4
    Orc (2/2) D:12 Zot: 10514     Elf (3/3) Orc:2 Zot: 14483  Vaults (5/5) D:14 Zot: 25133
  Crypt (0/3) Vaults:3
 Depths: D:15

Altars:
Ashenzari
Cheibriados
Dithmenos
Fedhas
Gozag
Hepliaklqana
Kikubaaqudgha
Makhleb
Nemelex Xobeh
Okawaru
Qazlal
Ru
Sif Muna
Trog
Uskayaw
Vehumet
Wu Jian
Xom
Yredelemnul
Jiyva

Shops:
D:6 :   D:7 !   D:8 *   Orc:2 ?=*(   Elf:2 [   Vaults:3 ?

Portals:
Hell: Lair:5
Abyss: Lair:5
Pandemonium: Orc:2
Trove: D:14 (give +4 shadow dragon scales)

Annotations:
Vaults:3 Mennas


Innate Abilities, Weirdness & Mutations

You have hooves in place of feet.
You have a pair of large horns on your head.
A powerful demonic guardian rushes to your aid.
You are mostly covered in sharp spines.
Your presence sometimes corrodes those you injure.
Your touch may inflict irresistible damage on your foes.
Your mind is acute. (Int +4, Str/Dex -1)
You are highly strong-willed. (Will++)
You are extremely robust. (+30% HP)
You have acidic saliva.
Your body has grown many eyes which may confuse attackers. (Acc +5)
Armour fits poorly on your large pseudopods.
Your translucent skin reduces your foes' accuracy. (Stealth+)
You have a small jelly attached to you that may absorb projectiles.
Your movements are slightly less encumbered by armour. (ER -2)


Message History

Unknown command.
Activating: Oozemancy (0% risk of failure)
Press: ? - help, Dir - look around, f - activate Slime begins to ooze from the nearby walls!
The walls burn your hell beast!
Your hell beast bites the stone giant!
Your hell beast tramples the stone giant.
The stone giant holds its ground!
The walls burn something!
Your corrupting presence corrodes something!
The walls burn the stone giant!
The stone giant throws a large rock.
The large rock hits your hell beast!!!
Your hell beast dies!
Your hell beast disappears in a puff of smoke!
A stone giant comes into view.
The walls burn the vault guard!
The vault guard is struck by your spines.
The vault guard hits you but does no damage.
The walls burn the frost giant!
Your corrupting presence corrodes the frost giant!
The frost giant points at you and mumbles some strange words.
The bolt of cold misses you.
You puncture the vault guard! You kick the vault guard!
You headbutt the vault guard. You bite the vault guard!
Your bludgeon misses the vault guard.
The vault guard is almost dead.
You hit the vault guard.
You kick the vault guard, but do no damage.
Your headbutt misses the vault guard. You bite the vault guard!
You feel a bit better.
You kill the vault guard!
You rampage towards the frost giant!
An ironbound thunderhulk comes into view.
It is wielding a +0 great mace.
You puncture the frost giant! You kick the frost giant!
You bite the frost giant!
The frost giant is heavily wounded.
The walls burn the stone giant!
The walls burn the ironbound thunderhulk!
The walls burn the frost giant!
The frost giant casts a spell at you. The bolt of cold hits you!!!
You die...

.# ... #....#.# #.#
#....#C# #.. #....#.#
#.### # #....#.. ..... .#.
#....#.###)#.# ## #'..
#{...#..$.)#$# ..
....'##[.†.#.###@#.#{###.#
#(())[..)..OCCCpC.....
#####..[))...#############
.......[<<.........
.......<..<........
.......)<<.........
.......))...$.?....
####.†......C######
......).........


You could see a frost giant (corroded), 2 stone giants, an ironbound
thunderhulk, an ettin (strong) and an ironbound convoker (catching breath).

Vanquished Creatures
  Boris (Vaults:3)
  Sojobo (Vaults:4)
  Margery (Vaults:2)
  A golden dragon (Vaults:5)
  Zenata (Vaults:3)
  Jorgrun (D:14)
  4 titans (Vaults:5)
  A quicksilver dragon (Vaults:4)
  2 deep elf master archers (Elf:3)
  3 deep elf blademasters
  2 sphinxes
  Gastronok (D:9)
  4 tengu reavers
  A shadow dragon (Vaults:5)
  3 iron dragons (Vaults:5)
  2 frost giants
  4 deep elf sorcerers
  12 vault wardens
  2 orc warlords
  5 deep elf elementalists (Elf:3)
  2 war gargoyles
  12 ironbound preservers
  8 ironbound thunderhulks
  9 very ugly things
  4 stone giants
  The ghost of Buxus the Spear-Bearer, a journeyman MfGl of Cheibriados (Lair:2)
  7 deep elf annihilators
  4 deep elf demonologists
  13 dire elephants
  10 deep elf death magi
  A crystal guardian (Vaults:4)
  Snorg (Lair:3)
  2 ettins
  A fire dragon (D:14)
  2 deep elf high priests (Elf:3)
  An entropy weaver (Vaults:3)
  11 yaktaur captains
  Erolcha (D:9)
  A hydra (Lair:5)
  2 peacekeepers (Vaults:4)
  32 vault guards
  2 catoblepae
  11 ironbound frosthearts
  A demonspawn (Orc:2)
  21 centaur warriors
  25 dancing weapons
  An ogre mage (D:12)
  7 two-headed ogres
  A boulder beetle (D:11)
  A hell hog (Lair:5)
  A death yak (Lair:5)
  5 hell knights (Vaults:2)
  8 orc high priests
  A sun demon (Lair:5)
  Urug (D:13)
  16 deep elf knights
  A skyshark (Lair:5)
  27 deep trolls
  13 deep elf archers
  17 ironbound convokers
  28 deep elf zephyrmancers
  3 harpies (Vaults:1)
  4 lindwurms
  2 phantasmal warriors
  5 necromancers
  8 wizards
  21 orc knights
  A tengu skeleton (Vaults:4)
  26 ugly things
  35 deep elf pyromancers
  4 cyclopes
  A manticore (D:14)
  5 orc sorcerers (Orc:2)
  Joseph (D:7)
  2 black mambas
  4 orange demons (Lair:5)
  17 vault sentinels
  2 smoke demons
  22 elephants
  4 gargoyles
  4 cane toads
  A cane toad (shapeshifter) (D:14)
  9 komodo dragons
  2 unseen horrors
  2 ice devils
  3 kobold demonologists
  5 rime drakes
  29 yaktaurs
  2 red devils (Orc:2)
  4 trolls
  2 polar bears
  A hornet (D:7)
  4 blink frogs (Lair:1)
  Grinder (D:5)
  A human simulacrum (Vaults:4)
  A spectral dream sheep (Lair:2)
  7 dream sheep (Lair:5)
  An elf zombie (Vaults:2)
  A spectral black mamba (Lair:2)
  Sigmund (D:4)
  38 yaks
  A spriggan (Lair:5)
  3 water elementals
  2 vampires (D:11)
  4 basilisks
  2 elf simulacra (Vaults:2)
  7 wyverns
  2 fire elementals
  4 vampire mosquitoes (D:11)
  2 redbacks (Vaults:3)
  2 death yak simulacra (Lair:2)
  A glowing shapeshifter zombie (Vaults:2)
  3 wargs (Orc:2)
  4 nagas (Lair:3)
  2 acid dragons
  4 hell hounds (Lair:5)
  11 water moccasins
  3 black bears
  40 orc warriors
  2 ice beasts
  11 wolves
  11 ogres
  4 centaurs
  A human skeleton (Vaults:4)
  4 kobold brigands
  A human zombie (Vaults:2)
  10 bullfrogs
  A gnoll sergeant (D:12)
  A scorpion (D:5)
  5 earth elementals
  A glowing shapeshifter simulacrum (Vaults:4)
  A hornet simulacrum (D:14)
  12 wights
  A cyclops skeleton (Orc:1)
  19 killer bees
  A rime drake simulacrum (Lair:2)
  12 howler monkeys
  A komodo dragon simulacrum (Lair:2)
  34 orc priests
  3 hounds
  An iron imp (D:4)
  An iguana (D:6)
  21 orc wizards
  An ogre skeleton (Orc:1)
  15 gnolls
  11 adders
  An orc zombie (Orc:1)
  2 ogre simulacra (Orc:1)
  3 white imps
  2 ufetubi (Vaults:4)
  2 worms (D:4)
  85 orcs
  9 endoplasms
  2 giant cockroaches
  4 goblins
  2 hobgoblins
  10 jackals
  5 quokkas
  9 ball pythons
  8 bats
  4 frilled lizards
  12 kobolds
  2 rats
1096 creatures vanquished.

Vanquished Creatures (collateral kills)
  The ghost of Ygezyin the Severer, a journeyman MiGl of Gozag (Lair:5)
  An orc warlord (Vaults:3)
  A deep elf demonologist (Elf:3)
  A dire elephant (Lair:5)
  A peacekeeper (Vaults:3)
  A dancing weapon (Elf:2)
  A centaur warrior (Vaults:3)
  A two-headed ogre (D:6)
  A deep elf knight (Elf:1)
  A large abomination (Lair:5)
  A deep troll (Vaults:2)
  A deep elf archer (Elf:3)
  An orc knight (Vaults:3)
  A deep elf pyromancer (D:14)
  An orc sorcerer (Orc:2)
  A cyclops (D:14)
  An elephant (Lair:3)
  4 komodo dragons
  A troll (shapeshifter) (D:14)
  A hellwing (Lair:5)
  A ynoxinul (Lair:5)
  A yak (Lair:2)
  A wyvern (Lair:5)
  An ogre (D:5)
  A centaur (D:5)
  A bullfrog (D:8)
  A gnoll sergeant (D:9)
  A wight (D:8)
  2 killer bees (D:8)
  A gnoll (D:9)
  An orc (D:5)
  2 kobolds (D:7)
37 creatures vanquished.

Vanquished Creatures (others)
  A sphinx (Vaults:2)
  An ironbound preserver (Vaults:4)
  A deep elf death mage (Elf:3)
  A yaktaur captain (Vaults:4)
  5 great orbs of eyes
  An anaconda (shapeshifter) (Vaults:4)
  An ironbound frostheart (Vaults:1)
  An alligator (shapeshifter) (Vaults:5)
  A sea snake (shapeshifter) (Vaults:5)
  A deep troll (Vaults:4)
  A lindwurm (shapeshifter) (Vaults:5)
  A wizard (Vaults:4)
  2 deep elf zephyrmancers
  An ugly thing (D:13)
  A cyclops (shapeshifter) (D:11)
  An eye of devastation (shapeshifter) (Lair:5)
  4 vault sentinels
  A cane toad (shapeshifter) (D:10)
  An unseen horror (shapeshifter) (D:13)
  3 yaktaurs
  A yaktaur (shapeshifter) (Vaults:5)
  A queen bee (shapeshifter) (Vaults:5)
  13 slime creatures
  A water elemental (Elf:1)
  A vampire mosquito (D:11)
  An acid dragon (D:13)
  A sky beast (D:6)
  A wolf (Lair:4)
  A bullfrog (Lair:1)
  A scorpion (D:4)
  A howler monkey (D:11)
  122 jellies
  4 orc priests
  2 iguanas
  5 orc wizards
  Robin (D:4)
  3 adders
  A worm (D:2)
  9 orcs
  2 endoplasms
  4 giant cockroaches
  8 goblins (D:4)
  5 hobgoblins
  2 kobolds
  A ball python (D:4)
  94 fungi
  109 plants
425 creatures vanquished.

Grand Total: 1558 creatures vanquished

Notes
Turn   | Place    | Note
-------+----------+-------------------------------------------
     0 | D:1      | holysushi the Demonspawn Monk began the quest for the Orb.
     0 | D:1      | Reached XP level 1. HP: 18/18 MP: 1/1
   179 | D:1      | Discovered your monstrous ancestry.
   179 | D:1      | Gained mutation: Your touch may inflict minor irresistible
                  | damage on your foes. [demonic ancestry]
   179 | D:1      | Reached XP level 2. HP: 23/24 MP: 2/2
   727 | D:1      | Gained mutation: You have large cloven feet. [demonic
                  | ancestry]
   727 | D:1      | Reached XP level 3. HP: 19/29 MP: 3/3
  1275 | D:2      | Found a faded altar of an unknown god.
  1306 | D:2      | Gained mutation: You have a pair of small horns on your
                  | head. [demonic ancestry]
  1306 | D:2      | Reached XP level 4. HP: 27/35 MP: 4/4
  1349 | D:2      | Prayed at the altar of an unknown god.
  1349 | D:2      | Became a worshipper of Jiyva Jodwaefa the Shapeless
  1349 | D:2      | Reached * piety under Jiyva
  1349 | D:2      | Reached ** piety under Jiyva
  1399 | D:2      | Reached *** piety under Jiyva
  2038 | D:3      | Reached skill level 5 in Short Blades
  2047 | D:3      | Gained mutation: You have a pair of horns on your head.
                  | [demonic ancestry]
  2047 | D:3      | Reached XP level 5. HP: 15/41 MP: 5/5
  2289 | D:3      | Reached **** piety under Jiyva
  2289 | D:3      | Gained mutation: Your mind is acute. (Int +4, Str/Dex -1)
                  | [Jiyva's grace]
  2289 | D:3      | Gained mutation: Your mind is very acute. (Int +8, Str/Dex
                  | -2) [Jiyva's grace]
  2289 | D:3      | Gained mutation: You are strong-willed. (Will+) [Jiyva's
                  | grace]
  2289 | D:3      | Gained mutation: You are highly strong-willed. (Will++)
                  | [Jiyva's grace]
  2544 | D:3      | HP: 2/41 [gnoll/+0 flail (13)]
  2579 | D:3      | Gained mutation: A weak demonic guardian rushes to your
                  | aid. [demonic ancestry]
  2579 | D:3      | Reached XP level 6. HP: 40/47 MP: 6/6
  2736 | D:4      | Noticed Sigmund
  2739 | D:4      | Killed Sigmund
  2741 | D:4      | Killed Robin
  2769 | D:4      | Found a snail-covered altar of Cheibriados.
  2781 | D:4      | Identified the +2 helmet of the Everdark {rN++ Int-2 Dex+2}
  2899 | D:4      | Found a staircase to the Ecumenical Temple.
  3014 | Temple   | Entered the Ecumenical Temple
  3261 | D:5      | Entered Level 5 of the Dungeon
  3292 | D:5      | Gained mutation: You have a pair of large horns on your
                  | head. [demonic ancestry]
  3292 | D:5      | Reached XP level 7. HP: 52/52 MP: 7/7
  3330 | D:5      | Reached ***** piety under Jiyva
  3399 | D:5      | Noticed Grinder
  3413 | D:5      | Killed Grinder
  3414 | D:5      | Reached XP level 8. HP: 58/58 MP: 8/8
  3907 | D:6      | Identified the +3 ring mail "Gotoal" {Rampage Int+5}
  3972 | D:6      | Noticed a two-headed ogre
  3980 | D:6      | Killed a two-headed ogre
  3981 | D:6      | Reached skill level 10 in Short Blades
  4021 | D:6      | Found Kol Ilazoef's Book Shop.
  4671 | D:7      | Noticed a hornet
  4671 | D:7      | Noticed a troll
  4681 | D:7      | Killed a hornet
  4682 | D:7      | Gained mutation: You have hoof-like feet. [demonic
                  | ancestry]
  4682 | D:7      | Reached XP level 9. HP: 56/63 MP: 9/9
  4688 | D:7      | Killed a troll
  4748 | D:7      | Noticed Joseph
  4759 | D:7      | Killed Joseph
  4803 | D:7      | Found a hazy altar of Hepliaklqana.
  4904 | D:7      | Found Uvvit's Distillery.
  4926 | D:7      | Bought 2 potions of heal wounds for 130 gold pieces
  4926 | D:7      | Bought a potion of flight for 39 gold pieces
  5063 | D:7      | Gained mutation: Armour fits poorly on your pseudopods.
                  | [Jiyva's grace]
  5063 | D:7      | Gained mutation: Armour fits poorly on your large
                  | pseudopods. [Jiyva's grace]
  5063 | D:7      | Gained mutation: Armour fits poorly on your massive
                  | pseudopods. [Jiyva's grace]
  5063 | D:7      | Gained mutation: You are partially covered in iridescent
                  | scales. (AC +2) [Jiyva's grace]
  5100 | D:7      | Reached skill level 3 in Dodging
  5217 | D:8      | Found Marghof's General Store.
  5335 | D:8      | Reached ****** piety under Jiyva
  5420 | D:8      | Reached skill level 4 in Dodging
  5440 | D:8      | Reached skill level 5 in Fighting
  5460 | D:8      | Reached XP level 10. HP: 74/74 MP: 10/10
  5486 | D:8      | Reached skill level 5 in Dodging
  5495 | D:8      | Reached skill level 6 in Dodging
  5512 | D:8      | Found a staircase to the Lair.
  5526 | D:8      | Reached skill level 7 in Dodging
  5548 | D:8      | Found a hide-covered altar of Uskayaw.
  5562 | D:8      | Found an ornate altar of the Wu Jian Council.
  5562 | D:8      | Found an ancient bone altar of Kikubaaqudgha.
  5565 | D:8      | Noticed an orange demon
  5575 | D:8      | Noticed a rust devil
  5580 | D:8      | Reached skill level 1 in Spellcasting
  6106 | D:8      | Noticed a centaur warrior
  6116 | D:8      | Killed a centaur warrior
  6117 | D:8      | Reached skill level 8 in Dodging
  6613 | Lair:1   | Entered Level 1 of the Lair of Beasts
  6683 | Lair:1   | Reached skill level 9 in Dodging
  6683 | Lair:1   | Gained mutation: You are partially covered in sharp spines.
                  | [demonic ancestry]
  6683 | Lair:1   | Reached XP level 11. HP: 77/79 MP: 16/16
  7363 | Lair:2   | Lost mutation: You are partially covered in iridescent
                  | scales. (AC +2) [Jiyva's grace]
  7363 | Lair:2   | Lost mutation: Armour fits poorly on your massive
                  | pseudopods. [Jiyva's grace]
  7363 | Lair:2   | Gained mutation: Your translucent skin slightly reduces
                  | your foes' accuracy. (Stealth+) [Jiyva's grace]
  7363 | Lair:2   | Gained mutation: Your translucent skin reduces your foes'
                  | accuracy. (Stealth+) [Jiyva's grace]
  7363 | Lair:2   | Gained mutation: Your transparent skin significantly
                  | reduces your foes' accuracy. (Stealth+) [Jiyva's grace]
  7363 | Lair:2   | Gained mutation: Your muscles are strong. (Str +4, Int/Dex
                  | -1) [Jiyva's grace]
  7391 | Lair:2   | Reached skill level 10 in Dodging
  7648 | Lair:2   | Found a staircase to the Shoals.
  7690 | Lair:2   | Reached skill level 11 in Dodging
  8061 | Lair:2   | Found a runed translucent gate.
  8061 | Lair:2   | Found a runed translucent gate.
  8061 | Lair:2   | Found a runed translucent gate.
  8061 | Lair:2   | Noticed Buxus's ghost (journeyman MfGl)
  8424 | Lair:2   | Reached skill level 12 in Dodging
  8516 | Lair:2   | Killed Buxus's ghost
  8655 | Lair:3   | Reached XP level 12. HP: 83/86 MP: 17/17
  8669 | Lair:3   | Reached skill level 13 in Dodging
  8702 | Lair:3   | Identified the +2 robe of the Everdark {Str+3 Archmagi}
  8791 | Lair:3   | Reached skill level 14 in Dodging
  8949 | Lair:3   | Noticed Snorg
  8961 | Lair:3   | Killed Snorg
  9150 | Lair:3   | Found a staircase to the Snake Pit.
  9299 | Lair:3   | Reached skill level 15 in Dodging
  9473 | Lair:4   | Lost mutation: Your mind is very acute. (Int +8, Str/Dex
                  | -2) [Jiyva's grace]
  9473 | Lair:4   | Lost mutation: You are highly strong-willed. (Will++)
                  | [Jiyva's grace]
  9473 | Lair:4   | Lost mutation: Armour fits poorly on your large pseudopods.
                  | [Jiyva's grace]
  9473 | Lair:4   | Gained mutation: Your melee attacks may engulf your foes in
                  | ooze. [Jiyva's grace]
  9473 | Lair:4   | Gained mutation: You have a small jelly attached to you
                  | that may absorb projectiles. [Jiyva's grace]
  9473 | Lair:4   | Gained mutation: Your system is resistant to poisons.
                  | (rPois) [Jiyva's grace]
  9473 | Lair:4   | Gained mutation: You have hidden genetic potential.
                  | [Jiyva's grace]
  9560 | Lair:4   | Found a viscous altar of Jiyva.
  9560 | Lair:4   | Found a staircase to the Slime Pits.
  9655 | Lair:4   | Noticed a catoblepas
  9708 | Lair:4   | Killed a catoblepas
  9944 | Lair:4   | Reached XP level 13. HP: 94/94 MP: 18/18
 10348 | Lair:5   | Entered Level 5 of the Lair of Beasts
 10568 | Lair:5   | Found a one-way gate to the infinite horrors of the Abyss.
 10568 | Lair:5   | Noticed Ygezyin's ghost (journeyman MiGl)
 10569 | Lair:5   | Found a transporter.
 10577 | Lair:5   | Found a transporter.
 10695 | Lair:5   | Killed Ygezyin's ghost
 10910 | Lair:5   | Reached skill level 16 in Dodging
 11012 | Lair:5   | Noticed a dire elephant
 11068 | Lair:5   | Killed a dire elephant
 11076 | Lair:5   | Gained mutation: You have supernaturally acute eyesight.
                  | (SInv) [hidden potential]
 11242 | Lair:5   | Noticed a dire elephant
 11266 | Lair:5   | Killed a dire elephant
 11357 | Lair:5   | Found a burning altar of Makhleb.
 11555 | Lair:5   | Found a gateway to Hell.
 11625 | Lair:5   | Learned a level 3 spell: Confusing Touch
 11867 | D:9      | Noticed Gastronok
 11879 | D:9      | Killed Gastronok
 11884 | D:9      | Reached skill level 1 in Evocations
 11903 | D:9      | Noticed Erolcha
 11918 | D:9      | Killed Erolcha
 11919 | D:9      | Reached skill level 1 in Stealth
 11919 | D:9      | Reached skill level 1 in Hexes
 11936 | D:9      | Lost mutation: You have supernaturally acute eyesight.
                  | (SInv) [Jiyva's grace]
 11936 | D:9      | Lost mutation: Your system is resistant to poisons. (rPois)
                  | [Jiyva's grace]
 11936 | D:9      | Lost mutation: Your muscles are strong. (Str +4, Int/Dex
                  | -1) [Jiyva's grace]
 11936 | D:9      | Lost mutation: Armour fits poorly on your pseudopods.
                  | [Jiyva's grace]
 11936 | D:9      | Lost mutation: Your transparent skin significantly reduces
                  | your foes' accuracy. (Stealth+) [Jiyva's grace]
 11936 | D:9      | Lost mutation: Your translucent skin reduces your foes'
                  | accuracy. (Stealth+) [Jiyva's grace]
 11936 | D:9      | Lost mutation: You have hidden genetic potential. [Jiyva's
                  | grace]
 11936 | D:9      | Lost mutation: Your melee attacks may engulf your foes in
                  | ooze. [Jiyva's grace]
 11936 | D:9      | Gained mutation: You are robust. (+10% HP) [Jiyva's grace]
 11936 | D:9      | Gained mutation: You are very robust. (+20% HP) [Jiyva's
                  | grace]
 11936 | D:9      | Gained mutation: You are extremely robust. (+30% HP)
                  | [Jiyva's grace]
 11936 | D:9      | Gained mutation: Your body has grown eyes which may confuse
                  | attackers. (Acc +3) [Jiyva's grace]
 12229 | D:9      | Gained mutation: You are mostly covered in sharp spines.
                  | [demonic ancestry]
 12229 | D:9      | Reached XP level 14. HP: 141/141 MP: 19/19
 12594 | D:10     | Entered Level 10 of the Dungeon
 12918 | D:10     | Identified the +0 leather armour "Sulaang" {Rampage
                  | *Corrode rN+ Slay+3}
 13007 | D:10     | Reached skill level 10 in Fighting
 13571 | D:11     | Identified the +4 quarterstaff "Xuidesoi" {speed, Dex+5}
 13591 | D:11     | Lost mutation: Your mind is acute. (Int +4, Str/Dex -1)
                  | [Jiyva's grace]
 13591 | D:11     | Lost mutation: You are strong-willed. (Will+) [Jiyva's
                  | grace]
 13591 | D:11     | Lost mutation: You are extremely robust. (+30% HP) [Jiyva's
                  | grace]
 13591 | D:11     | Lost mutation: You are very robust. (+20% HP) [Jiyva's
                  | grace]
 13591 | D:11     | Lost mutation: You are robust. (+10% HP) [Jiyva's grace]
 13591 | D:11     | Lost mutation: Your body has grown eyes which may confuse
                  | attackers. (Acc +3) [Jiyva's grace]
 13591 | D:11     | Gained mutation: Your melee attacks may engulf your foes in
                  | ooze. [Jiyva's grace]
 13591 | D:11     | Gained mutation: Your flesh is heat resistant. (rF+)
                  | [Jiyva's grace]
 13591 | D:11     | Gained mutation: Your flesh is very heat resistant. (rF++)
                  | [Jiyva's grace]
 13591 | D:11     | Gained mutation: Your flesh is almost immune to the effects
                  | of heat. (rF+++) [Jiyva's grace]
 13761 | D:11     | Reached skill level 17 in Dodging
 14019 | D:12     | Identified the +3 mace "Beepycwa" {freeze, +Blink rC+}
 14601 | D:12     | Found a staircase to the Orcish Mines.
 14608 | Orc:1    | Entered Level 1 of the Orcish Mines
 14896 | Orc:2    | Entered Level 2 of the Orcish Mines
 14896 | Orc:2    | Found a staircase to the Elven Halls.
 15069 | Orc:2    | Found Kec Uvap's Magic Scroll Shop.
 15075 | Orc:2    | Found Sacih's General Store.
 15153 | Orc:2    | Bought a scroll of enchant weapon for 105 gold pieces
 15153 | Orc:2    | Bought a scroll of enchant weapon for 105 gold pieces
 15153 | Orc:2    | Bought a scroll of enchant weapon for 105 gold pieces
 15155 | Orc:2    | Bought the ring "Osoxt" {rPois EV+5 Str+2} for 668 gold
                  | pieces
 15195 | Orc:2    | Reached skill level 18 in Dodging
 15552 | Orc:2    | Found Puanujup's Jewellery Shoppe.
 15552 | Orc:2    | Found Utea's Antique Weapon Emporium.
 15552 | Orc:2    | Found a one-way gate leading to the halls of Pandemonium.
 15641 | Orc:2    | Lost mutation: Your flesh is almost immune to the effects
                  | of heat. (rF+++) [Jiyva's grace]
 15641 | Orc:2    | Lost mutation: Your melee attacks may engulf your foes in
                  | ooze. [Jiyva's grace]
 15641 | Orc:2    | Gained mutation: You are strong-willed. (Will+) [Jiyva's
                  | grace]
 15641 | Orc:2    | Gained mutation: You are highly strong-willed. (Will++)
                  | [Jiyva's grace]
 15641 | Orc:2    | Gained mutation: You are extremely strong-willed. (Will+++)
                  | [Jiyva's grace]
 15641 | Orc:2    | Gained mutation: Your system is resistant to poisons.
                  | (rPois) [Jiyva's grace]
 16103 | Orc:1    | Gained mutation: You have hooves in place of feet. [demonic
                  | ancestry]
 16103 | Orc:1    | Reached XP level 15. HP: 115/115 MP: 20/20
 16305 | Elf:1    | Entered Level 1 of the Elven Halls
 16334 | Elf:1    | Reached skill level 19 in Dodging
 16413 | Elf:1    | You fall into a shaft and drop 1 floor!
 16413 | Elf:2    | Noticed a deep elf blademaster
 16425 | Elf:2    | Killed a deep elf blademaster
 16600 | Elf:2    | Found a runed translucent gate.
 16600 | Elf:2    | Found a runed translucent gate.
 16601 | Elf:2    | Found a runed translucent gate.
 16706 | Elf:2    | Reached skill level 20 in Dodging
 16972 | Elf:1    | Gained mutation: You have acidic saliva. [Jiyva's grace]
 16972 | Elf:1    | Gained mutation: You have hidden genetic potential.
                  | [Jiyva's grace]
 16972 | Elf:1    | Gained mutation: You have great hidden genetic potential.
                  | [Jiyva's grace]
 16972 | Elf:1    | Gained mutation: Your movements are slightly less
                  | encumbered by armour. (ER -2) [Jiyva's grace]
 17078 | Elf:1    | Reached skill level 5 in Stealth
 17364 | Elf:1    | Found an ancient bone altar of Kikubaaqudgha.
 17839 | Elf:2    | Found Saptivaq's Armour Emporium.
 17923 | Elf:2    | Gained mutation: A demonic guardian rushes to your aid.
                  | [demonic ancestry]
 17923 | Elf:2    | Reached XP level 16. HP: 111/122 MP: 19/21
 17953 | Elf:2    | Reached skill level 21 in Dodging
 18412 | Elf:2    | Lost mutation: Your flesh is very heat resistant. (rF++)
                  | [Jiyva's grace]
 18412 | Elf:2    | Lost mutation: You are extremely strong-willed. (Will+++)
                  | [Jiyva's grace]
 18412 | Elf:2    | Lost mutation: You have great hidden genetic potential.
                  | [Jiyva's grace]
 18412 | Elf:2    | Gained mutation: You have great hidden genetic potential.
                  | [Jiyva's grace]
 18412 | Elf:2    | Gained mutation: You are extremely strong-willed. (Will+++)
                  | [Jiyva's grace]
 18412 | Elf:2    | Gained mutation: You possess an exceptional clarity of
                  | mind. [Jiyva's grace]
 18412 | Elf:2    | Gained mutation: You have supernaturally acute eyesight.
                  | (SInv) [Jiyva's grace]
 18570 | Elf:3    | Entered Level 3 of the Elven Halls
 18591 | Elf:3    | Noticed a Tzitzimitl
 19020 | Elf:3    | Reached skill level 22 in Dodging
 19168 | Elf:3    | Gained mutation: Your flesh is very heat resistant. (rF++)
                  | [hidden potential]
 19308 | Elf:3    | Noticed a deep elf blademaster
 19328 | Elf:3    | Noticed a deep elf master archer
 19344 | Elf:3    | Killed a deep elf blademaster
 19426 | Elf:3    | Killed a ghostly deep elf blademaster
 19443 | Elf:3    | Killed a deep elf master archer
 19445 | Elf:3    | Noticed a deep elf blademaster
 19478 | Elf:3    | Killed a deep elf blademaster
 19479 | Elf:3    | Noticed an Executioner
 19483 | Elf:3    | Noticed a deep elf master archer
 19821 | Elf:3    | Killed a deep elf master archer
 19859 | Elf:3    | Reached skill level 23 in Dodging
 20000 | Elf:3    | Identified the staff of earth "Rataurgh" {rN++ Str+3 Int+3
                  | Dex-5}
 20001 | Elf:3    | Identified the staff of cold "Qopiac" {rC+ Str+2}
 20008 | Elf:3    | Identified the staff of fire "Efeum" {rF+ rCorr Str+2}
 20025 | Elf:3    | Noticed an Ice Fiend
 20028 | Elf:3    | Noticed an Ice Fiend
 20072 | Elf:3    | Gained mutation: Your presence sometimes corrodes those you
                  | injure. [demonic ancestry]
 20072 | Elf:3    | Reached XP level 17. HP: 55/128 MP: 12/22
 20203 | Elf:3    | Identified the staff of fire "Qozeed" {rElec rF+ rC+ Will+}
 20578 | D:13     | Noticed Urug
 20585 | D:13     | Killed Urug
 20652 | D:13     | Gained mutation: Your body has grown eyes which may confuse
                  | attackers. (Acc +3) [Jiyva's grace]
 20652 | D:13     | Gained mutation: Your body has grown many eyes which may
                  | confuse attackers. (Acc +5) [Jiyva's grace]
 20652 | D:13     | Gained mutation: Your body is covered in eyes which may
                  | confuse attackers. (Acc +7, SInv) [Jiyva's grace]
 20652 | D:13     | Gained mutation: Your translucent skin reduces your foes'
                  | accuracy. (Stealth+) [Jiyva's grace]
 21112 | D:14     | Noticed Jorgrun
 21120 | D:14     | Killed Jorgrun
 21288 | D:14     | Found a gate to the Vaults.
 21610 | D:14     | Lost mutation: You possess an exceptional clarity of mind.
                  | [Jiyva's grace]
 21610 | D:14     | Lost mutation: Your flesh is very heat resistant. (rF++)
                  | [Jiyva's grace]
 21610 | D:14     | Lost mutation: You are extremely strong-willed. (Will+++)
                  | [Jiyva's grace]
 21610 | D:14     | Lost mutation: Your body is covered in eyes which may
                  | confuse attackers. (Acc +7, SInv) [Jiyva's grace]
 21610 | D:14     | Lost mutation: You have great hidden genetic potential.
                  | [Jiyva's grace]
 21610 | D:14     | Lost mutation: You have hidden genetic potential. [Jiyva's
                  | grace]
 21610 | D:14     | Gained mutation: You are somewhat resistant to further
                  | mutation. [Jiyva's grace]
 21610 | D:14     | Gained mutation: You are somewhat resistant to both further
                  | mutation and mutation removal. [Jiyva's grace]
 21610 | D:14     | Gained mutation: You are almost entirely resistant to
                  | further mutation and mutation removal. [Jiyva's grace]
 21610 | D:14     | Gained mutation: Your flesh is very heat resistant. (rF++)
                  | [Jiyva's grace]
 21666 | D:14     | Found a radiant altar of Vehumet.
 22225 | D:6      | Bought a book of Blood for 336 gold pieces
 22229 | D:6      | Learned a level 2 spell: Wereblood
 22495 | D:15     | Entered Level 15 of the Dungeon
 22598 | D:14     | Found a portal to a secret trove of treasure.
 22785 | Vaults:1 | Entered Level 1 of the Vaults
 22839 | Vaults:1 | Identified the +5 chain mail of the Stone Wall {rElec
                  | rPois}
 22875 | Vaults:1 | Reached skill level 1 in Transmutations
 22996 | Vaults:1 | Reached skill level 24 in Dodging
 23687 | Vaults:2 | Reached skill level 5 in Transmutations
 24056 | Vaults:2 | Noticed an Ice Fiend
 24333 | Vaults:2 | Gained mutation: A powerful demonic guardian rushes to your
                  | aid. [demonic ancestry]
 24333 | Vaults:2 | Reached XP level 18. HP: 133/135 MP: 23/23
 24467 | Vaults:2 | Noticed Margery
 24478 | Vaults:2 | Killed Margery
 24584 | Vaults:2 | Paralysed by a sphinx for 3 turns
 24747 | Vaults:2 | Lost mutation: You have supernaturally acute eyesight.
                  | (SInv) [Jiyva's grace]
 24747 | Vaults:2 | Lost mutation: Your flesh is very heat resistant. (rF++)
                  | [Jiyva's grace]
 24747 | Vaults:2 | Lost mutation: You are almost entirely resistant to further
                  | mutation and mutation removal. [Jiyva's grace]
 24747 | Vaults:2 | Lost mutation: You are somewhat resistant to both further
                  | mutation and mutation removal. [Jiyva's grace]
 24747 | Vaults:2 | Lost mutation: Your system is resistant to poisons. (rPois)
                  | [Jiyva's grace]
 24747 | Vaults:2 | Lost mutation: You have acidic saliva. [Jiyva's grace]
 24747 | Vaults:2 | Gained mutation: Armour fits poorly on your pseudopods.
                  | [Jiyva's grace]
 24747 | Vaults:2 | Gained mutation: Armour fits poorly on your large
                  | pseudopods. [Jiyva's grace]
 24747 | Vaults:2 | Gained mutation: Armour fits poorly on your massive
                  | pseudopods. [Jiyva's grace]
 24747 | Vaults:2 | Gained mutation: Your mind is acute. (Int +4, Str/Dex -1)
                  | [Jiyva's grace]
 25480 | Vaults:3 | Identified the +9 plate armour "Bunkaiv" {-Cast Will+++
                  | Regen+ Dex-2}
 25662 | Vaults:3 | Reached skill level 25 in Dodging
 25780 | Vaults:3 | Found a staircase to the Crypt.
 25869 | Vaults:3 | Noticed Boris
 25880 | Vaults:3 | Killed Boris
 25984 | Vaults:3 | Lost mutation: Your flesh is heat resistant. (rF+) [Jiyva's
                  | grace]
 25984 | Vaults:3 | Lost mutation: You are somewhat resistant to further
                  | mutation. [Jiyva's grace]
 25984 | Vaults:3 | Lost mutation: Armour fits poorly on your massive
                  | pseudopods. [Jiyva's grace]
 25984 | Vaults:3 | Gained mutation: You have acidic saliva. [Jiyva's grace]
 25984 | Vaults:3 | Gained mutation: You are robust. (+10% HP) [Jiyva's grace]
 25984 | Vaults:3 | Gained mutation: You are very robust. (+20% HP) [Jiyva's
                  | grace]
 25984 | Vaults:3 | Gained mutation: You are extremely robust. (+30% HP)
                  | [Jiyva's grace]
 26000 | Vaults:3 | Reached XP level 19. HP: 141/193 MP: 24/24
 26266 | Vaults:3 | Noticed Zenata
 26295 | Vaults:3 | Killed Zenata
 26441 | Vaults:3 | Found Onkuif's Magic Scroll Shoppe.
 26450 | Vaults:3 | Bought a scroll of teleportation for 60 gold pieces
 26450 | Vaults:3 | Bought a scroll of teleportation for 60 gold pieces
 26657 | Vaults:3 | Noticed Mennas
 26960 | Vaults:4 | Identified the ring of Biusus Zefo {Fire Str+3}
 27144 | Vaults:4 | Reached skill level 15 in Fighting
 27410 | Vaults:4 | Noticed Sojobo
 27437 | Vaults:4 | Killed Sojobo
 27857 | Vaults:4 | Got the Compendium of the Throng and Bombardment
 28258 | Vaults:5 | Entered Level 5 of the Vaults
 28410 | Vaults:5 | Noticed a golden dragon
 28432 | Vaults:4 | Reached skill level 10 in Transmutations
 28451 | Vaults:5 | Killed a golden dragon
 28452 | Vaults:5 | Gained mutation: Your touch may inflict irresistible damage
                  | on your foes. [demonic ancestry]
 28452 | Vaults:5 | Reached XP level 20. HP: 165/218 MP: 25/25
 28535 | Vaults:5 | Identified the +1 plate armour of Defiance {rPois rF+
                  | rCorr}
 28548 | Vaults:5 | Killed from afar by a frost giant

Illustrated notes

Levels and vault maps discovered:
D:1:      eino_arrival_druids_welcome, layout_loops_corners,
          minmay_stone_trees_small, corexii_hall_statues_s, minmay_pentomino_t2
D:2:      layout_basic, nicolae_ecumenical_snake_handling, grunt_ministairs_9,
          minmay_puff
D:3:      layout_rooms, serial_glass, glass_columns_a, glass_columns_a
D:4:      layout_cave_pools, slow_altar_1, temple_green,
          mrwooster_statue_mirror, uniq_sigmund, uniq_robin
D:5:      layout_cave_pools, nicolae_zen_rock_garden, grunt_ministairs_15,
          uniq_grinder
D:6:      layout_loops_ring, serial_shops, shop, kennysheep_generic_room_4
D:7:      layout_cave_pools, mainiacjoe_overflow_24_doors, serial_shops,
          nicolae_shop_pleasant_corner_grove, uniq_joseph
D:8:      minmay_cornered_nines, layout_loops_ring, grunt_temple_overflow_open,
          due_lair_maze_entry_diamond, serial_shops, nicolae_shop_tiny_glass,
          nrook_mini_vaults, hangedman_decor_growths
D:9:      layout_long_grid, uniq_erolcha, uniq_gastronok
D:10:     layout_basic, grunt_tough_drop
D:11:     layout_rooms, minmay_ruined_shrine
D:12:     layout_basic, hiddenorc1_lemuel
D:13:     layout_long_grid, uniq_urug
D:14:     layout_small_grid, lightli_vaults_fourway_checkpoint,
          nicolae_trove_entry_columns, serial_co_window_serial,
          co_window_paths_a, co_window_paths_a, co_window_paths_a,
          co_window_corner_a, co_window_paths_a, co_window_corner_cb,
          co_window_broadway_a, co_window_of_opportunity_b, co_window_2corner,
          co_window_paths_c, co_window_paths_c, co_window_sun,
          co_window_4corner_b, glass_columns_b, glass_columns_b,
          vehumet_crystals, billiards_dpeg, uniq_jorgrun
D:15:     hangedman_depths_entry_try_elsewhere_first, layout_loops_ring,
          serial_park_square3 [serial_park_minivault_5x5_7], grunt_gozag_statues
Temple:   bh_familiar_temple
Lair:1:   layout_chaotic_city, bh_autumn_forest_stairs, grunt_megastairs_4,
          lemuel_fruit_fields
Lair:2:   layout_cave_pods, shoals_dummy_entry, gammafunk_ghost_necromancy,
          chequers_serial_rivers_small_b, st_stairs_3
Lair:3:   layout_chaotic_city, minmay_snake_entry_guardpost_large,
          grunt_megastairs_5, uniq_snorg
Lair:4:   layout_loops_ring, dpeg_slime_entry_enclosed
Lair:5:   evil_forest, layout_regular_city, gammafunk_ghost_abyssal_escape
Orc:1:    dreamdust_under_siege, layout_diamond_mine
Orc:2:    pf_orc_diabolical, layout_diamond_mine, nicolae_orc_sculptors_studio
Elf:1:    eino_elf_arrival_shootout, layout_loops_corners, basic_altar,
          hangedman_corner_corridor, nicolae_elf_glassroom_feature
Elf:2:    elven_hall_of_blades_hangedman_original [mumra_blade_entry_dagger],
          layout_loops_corners, serial_shops, nicolae_shop_hallway_stairs
Elf:3:    elf_hall, layout_gridlike, grunt_megastairs_1
Vaults:1: nicolae_vaults_circle_grid_b, v_misc_2, vaults_mumra_hexcomb,
          hangedman_vaults_pinch, grunt_vaults_swirl, vaults_room_semicircle,
          v_alt_pattern_1, layout_vaults_big_room
Vaults:2: nicolae_vaults_twisting_passages, nicolae_vaults_octagons,
          hangedman_vaults_slice, grunt_vaults_hallway_long,
          vaults_dpeg_emergency_exit, ontoclasm_vaults_eye, v_misc_2,
          hangedman_vaults_stream, grunt_vaults_diagonal,
          ontoclasm_vaults_loading_screen, nicolae_vaults_ring_of_whatevers,
          ontoclasm_vaults_twist, nicolae_vaults_shelves_hall,
          vaults_mumra_minichess, layout_vaults_omnibox, uniq_margery
Vaults:3: v_misc_27, vaults_room_stairs_pillars, nicolae_vaults_angled_halls,
          special_room_vaults [special_room_orc], vaults_mumra_chevron_long,
          vaults_room_mumra_shop_pool, v_misc_16, grunt_vaults_hallway_long,
          vaults_room_corners, v_misc_23, grunt_vaults_hallway_short,
          grunt_vaults_hallway_short, layout_vaults_omnigrid, dummy_crypt_entry,
          uniq_zenata, uniq_boris, uniq_mennas
Vaults:4: grunt_vaults_trifunnel, vaults_dpeg_ring, hangedman_vaults_snaps,
          ontoclasm_vaults_shuriken, v_misc_19, nicolae_vaults_triangles,
          vaults_mumra_chevron, v_rooms_5, v_misc_3, vaults_mumra_hex,
          ontoclasm_vaults_pinch, dpeg_vaults_hating_casters,
          nicolae_vaults_ring_of_whatevers, serial_ice_b,
          grunt_vaults_hallway_short, layout_vaults_maze, uniq_sojobo
Vaults:5: serial_shops

Skill      XL: |  1  2  3  4  5  6  7  8  9 10 11 12 13 14 15 16 17 18 19 |
---------------+----------------------------------------------------------+-----
Short Blades   | 3 4 5 6 7 9 11 12 | 12.3
Dodging        | 4 9 12 15 16 18 20 23 24 25 | 25.0
Fighting       | 5 6 9 10 13 17 | 17.5
Spellcasting   | 3 |  3.4
Evocations     | 1 3 |  3.0
Stealth        | 1 3 5 |  5.0
Hexes          | 1 4 |  4.0
Transmutations | 6 9 10 | 10.9

Action                     |  1- 3 |  4- 6 |  7- 9 | 10-12 | 13-15 | 16-18 | 19-21 || total
---------------------------+-------+-------+-------+-------+-------+-------+-------++-------
  Melee: Short sword       |    37 |       |   129 |    55 |       |       |       ||   221
         Dagger            |    58 |   114 |    29 |       |       |       |       ||   201
         Touch             |     6 |    24 |    38 |   203 |   320 |   335 |   131 ||  1057
         Kick              |     6 |    27 |    43 |   328 |   632 |   648 |   329 ||  2013
         Punch             |     1 |     1 |     5 |     8 |    22 |    35 |    12 ||    84
         Headbutt          |       |    18 |    25 |   207 |   406 |   419 |   202 ||  1277
         Pseudopods        |       |       |    12 |   208 |    93 |   133 |   187 ||   633
         Quick blade       |       |       |       |   667 |  1338 |  1236 |   550 ||  3791
         Bite              |       |       |       |       |    22 |   165 |   114 ||   301
   Cast: Wereblood         |       |       |       |       |       |    30 |    20 ||    50
         Confusing Touch   |       |       |       |       |       |     2 |       ||     2
 Invoke: Slimify           |       |       |       |       |       |       |     1 ||     1
         Oozemancy         |       |       |       |       |       |       |     1 ||     1
  Evoke: Wand              |       |       |       |       |       |       |     4 ||     4
         Phantom mirror    |       |       |       |       |       |       |     1 ||     1
    Use: Scroll            |       |     6 |     6 |     5 |    18 |     4 |       ||    39
         Potion            |       |       |       |       |     4 |     5 |     7 ||    16
   Stab: Sleeping          |     3 |     1 |       |     2 |    11 |    16 |     2 ||    35
         Distracted        |     1 |       |       |       |     2 |     8 |       ||    11
         Confused          |       |       |       |       |     1 |    20 |    13 ||    34
         Invisible         |       |       |       |       |       |       |     7 ||     7
 Armour: Robe              |    12 |    18 |     1 |       |       |       |       ||    31
         Ring mail         |       |       |    28 |       |       |       |       ||    28
         Leather armour    |       |       |     7 |       |    63 |    38 |    23 ||   131
         Troll leather arm |       |       |     1 |    54 |    26 |       |       ||    81
  Dodge: Dodged            |    54 |    74 |    70 |   355 |   754 |   766 |   463 ||  2536

Table legend: (Time is in decaauts)
 A = Elapsed time spent in this place.
 B = Non-inter-level travel time spent in this place.
 C = Inter-level travel time spent in this place.
 D = Time resting spent in this place.
 E = Time spent auto-exploring this place.
 F = Levels seen in this place.
 G = Mean time per level.
                   A        B        C        D        E       F      G
               +--------+--------+--------+--------+--------+-----+--------+
         Total |  25568 |  23838 |   1730 |   1993 |  16569 |  31 |  824.8 |
       Dungeon |  10939 |   9974 |    965 |    899 |   7198 |  15 |  729.3 |
        Temple |    215 |    186 |     29 |      0 |    155 |   1 |  215.0 |
          Lair |   4544 |   4233 |    311 |     50 |   3233 |   5 |  908.8 |
  Orcish Mines |   1485 |   1324 |    161 |     54 |    898 |   2 |  742.5 |
   Elven Halls |   3516 |   3328 |    188 |    396 |   2101 |   3 | 1172.0 |
        Vaults |   4866 |   4793 |     73 |    593 |   2983 |   5 |  973.2 |
               +--------+--------+--------+--------+--------+-----+--------+

Top non-repeatable levels by time:
   Elf:3: 1437 daAuts
     D:8: 1435 daAuts
Vaults:4: 1416 daAuts
    D:14: 1237 daAuts
Vaults:3: 1171 daAuts
  Lair:5: 1168 daAuts
   Elf:2: 1155 daAuts
Vaults:2: 1112 daAuts
Vaults:1: 1089 daAuts
     D:1: 1087 daAuts
  Lair:2: 1081 daAuts
   Orc:2: 958 daAuts
     D:6: 941 daAuts
   Elf:1: 923 daAuts
     D:2: 922 daAuts
